 Dungeon Crawl Stone Soup version 0.24-a0-307-gf989941 (webtiles) character file.

Game seed: 15621928260998306131

839 PestyCat the Archer (level 7, -9/58 HPs)
             Began as a Centaur Hunter on May 12, 2019.
             Shot with an arrow by a centaur (11 damage)
             ... on level 6 of the Dungeon.
             The game lasted 00:12:36 (7470 turns).

PestyCat the Archer (Centaur Hunter)                Turns: 7470, Time: 00:12:36

Health: -9/58      AC: 11    Str: 17    XL:     7   Next: 67%
Magic:  7/7        EV:  5    Int: 10    God:
Gold:   278        SH:  0    Dex:  9    Spells: 6/6 levels left

rFire    x . .     SeeInvis .   a - +1 shortbow
rCold    + . .     Gourm    .   (shield currently unavailable)
rNeg     . . .     Faith    .   q - +0 chain mail
rPois    .         Spirit   .   s - +0 helmet
rElec    .         Reflect  .   i - +0 cloak
rCorr    .         Harm     .   (no gloves)
MR       .....                  (no barding)
Stlth    ..........             (no amulet)
HPRegen  0.19/turn              g - ring of ice
MPRegen  0.10/turn              j - ring of stealth

@: very quick
A: large, hooves 3, deformed body, speed 2, tough skin 3
a: no special abilities


You were on level 6 of the Dungeon.
You were not hungry.

You visited 1 branch of the dungeon, and saw 6 of its levels.

You collected 278 gold pieces.

Inventory:

Hand Weapons
 a - a +1 shortbow (weapon)
 b - a +4 hand axe
 w - a +0 short sword
Missiles
 d - 55 arrows (quivered)
Armour
 c - a +0 leather armour
 i - a +0 cloak (worn)
 q - a +0 chain mail (worn)
 s - a +0 helmet (worn)
Jewellery
 e - an uncursed ring of magical power {unknown}
 g - a ring of ice (left hand)
 j - a ring of stealth (right hand)
Wands
 o - a wand of paralysis (3)
Scrolls
 h - a scroll of teleportation
 k - a scroll of enchant weapon
 n - 2 scrolls of fear
 p - a scroll of noise
 u - a scroll of immolation
 x - a scroll of amnesia
 y - a scroll of identify
Potions
 l - a potion of degeneration
 m - a potion of might {unknown}
 r - a potion of invisibility {unknown}
 t - a potion of brilliance
 z - a potion of flight {unknown}
 A - a potion of ambrosia {unknown}
 B - a potion of berserk rage {unknown}
 C - a potion of resistance {unknown}
Comestibles
 f - 15 rations
 v - 3 chunks of flesh


   Skills:
 + Level 3.7 Fighting
 - Level 0.8 Short Blades
 * Level 8.2 Bows
 * Level 4.4 Armour
 - Level 1.3 Dodging
 + Level 0.9 Stealth


You had 6 spell levels left.
You didn't know any spells.
Your spell library was empty.

Dungeon Overview and Level Annotations

Branches:
Dungeon (6/15)
 Temple: D:4-7

Altars:
Ashenzari
Cheibriados
Dithmenos
Qazlal

Annotations:
D:2 exclusion: downstairs
D:3 exclusion: downstairs
D:4 exclusion: downstairs
D:5 exclusion: downstairs


Innate Abilities, Weirdness & Mutations

You have hooves in place of feet.
Armour fits poorly on your strangely shaped body.
You cover ground very quickly.
You have extremely tough skin. (AC +3)


Message History

Some of the chunks of flesh in your inventory have rotted away.
As you open the large door, it creaks loudly!
You hear an angry hiss.
You hear a shout!
Found a shadowy altar of Dithmenos and a shattered altar of Ashenzari.
The centaur shouts!
The centaur is too close now for your liking.
A centaur is nearby!
A centaur is nearby!
The centaur shoots an arrow.
The arrow hits you!
* * * LOW HITPOINT WARNING * * *
You see here an arrow.
The ogre shouts!
The centaur shoots an arrow.
The arrow barely misses you.
The centaur shoots an arrow.
The arrow hits you but does no damage.
You see here an arrow.
The centaur shoots an arrow.
The arrow hits you!
* * * LOW HITPOINT WARNING * * *
You see here an arrow.
The centaur shoots an arrow.
The arrow hits you!
You die...

##.#....)#######.# #
##.#.......### .###.. ..
.............###.#... .#
...)...............# ..
....<........##..## .#
#.................## #.#
#...............#..##..#
.......>....S.O.......#
.#..........c.((@...<##
##.......##..........#
###..#####...#.).....##
...###8##.(..#........#
.###⌠_.'..............#
.# #⌠_.'..............##
.#####P##..............#
.##..# ##.(..........##
....## #.............#


You could see an ogre, a centaur and an adder.

Vanquished Creatures
  A centaur (D:6)
  A scorpion (D:4)
  3 crimson imps
  A jelly (D:6)
  3 hounds
  An orc wizard (D:4)
  4 orc priests
  A centaur skeleton (D:4)
  4 worker ants
  A hound skeleton (D:6)
  A worker ant zombie (D:5)
  10 adders
  A shadow imp (D:6)
  An adder skeleton (D:4)
  2 worms
  A dart slug (D:3)
  2 leopard geckos
  20 orcs
  5 bats
  4 giant cockroaches
  4 goblins
  A hobgoblin (D:3)
  7 jackals
  5 kobolds
  A quokka (D:3)
  3 frilled lizards
  A leopard gecko skeleton (D:5)
  A quokka skeleton (D:5)
  2 rats
92 creatures vanquished.

Notes
Turn   | Place    | Note
-------+----------+-------------------------------------------
     0 | D:1      | PestyCat the Centaur Hunter began the quest for the Orb.
     0 | D:1      | Reached XP level 1. HP: 17/17 MP: 1/1
   877 | D:2      | Reached XP level 2. HP: 21/24 MP: 2/2
  1468 | D:2      | Reached skill level 6 in Bows
  1468 | D:2      | Reached XP level 3. HP: 29/29 MP: 3/3
  1545 | D:2      | Found a snail-covered altar of Cheibriados.
  1593 | D:2      | You fall through a shaft!
  1839 | D:2      | Reached skill level 1 in Armour
  2957 | D:3      | Reached XP level 4. HP: 23/37 MP: 4/4
  3960 | D:3      | Found a stormy altar of Qazlal.
  4312 | D:4      | Reached XP level 5. HP: 37/44 MP: 5/5
  4663 | D:3      | Reached XP level 6. HP: 40/50 MP: 6/6
  5049 | D:4      | Reached skill level 7 in Bows
  6065 | D:5      | Entered Level 5 of the Dungeon
  6364 | D:5      | Reached XP level 7. HP: 54/57 MP: 7/7
  6561 | D:5      | Noticed a gargoyle
  7021 | D:6      | Reached skill level 8 in Bows
  7462 | D:6      | Found a shadowy altar of Dithmenos.
  7462 | D:6      | Found a shattered altar of Ashenzari.
  7469 | D:6      | HP: 2/58 [centaur/arrow (9)]
  7470 | D:6      | Shot with an arrow by a centaur

Levels and vault maps discovered:
D:1:      shiori_shiawase, layout_basic
D:2:      layout_basic, lemuel_coloured_pillars_altar, first_ration
D:3:      layout_loops_corners, nicolae_qazlal_general_emergency
D:4:      layout_basic
D:5:      layout_basic
D:6:      layout_rooms, gammafunk_temple_overflow_wave,
          nicolae_ossuary_entry_ruins, portal_sewer_entry_f

Skill      XL: |  1  2  3  4  5  6  7 |
---------------+----------------------+-----
Bows           | 6 7 8 |  8.2
Armour         | 1 2 3 4 |  4.4
Fighting       | 3 |  3.7
Short Blades   | |  0.8
Dodging        | |  1.3
Stealth        | |  0.9

Action                   |  1- 3 |  4- 6 |  7- 9 || total
-------------------------+-------+-------+-------++-------
Melee: Short sword       |   104 |   126 |       ||   230
       Kick              |    18 |    33 |     9 ||    60
       Hand axe          |       |    60 |    56 ||   116
 Fire: Shortbow          |     9 |    39 |    29 ||    77
  Use: Scroll            |       |       |    10 ||    10
       Potion            |       |       |     2 ||     2
  Eat: Chunk             |     4 |    10 |     3 ||    17
Armor: Leather armour    |    32 |    22 |       ||    54
       Chain mail        |       |   123 |    70 ||   193
Dodge: Dodged            |    57 |    57 |    22 ||   136

Table legend:
 A = Non-vault XP
 B = Vault XP
 C = Vault XP percentage of total XP
 D = Non-vault monster count
 E = Vault monster count
 F = Vault count percentage of total count
                 A         B        C        D         E       F
            +---------+---------+-------+---------+---------+-------
      Total |    1199 |       0 |   0.0 |      92 |       0 |   0.0
            +---------+---------+-------+---------+---------+-------
        D:1 |       9 |       0 |   0.0 |       5 |       0 |   0.0
        D:2 |      44 |       0 |   0.0 |      10 |       0 |   0.0
        D:3 |     171 |       0 |   0.0 |      29 |       0 |   0.0
        D:4 |     393 |       0 |   0.0 |      21 |       0 |   0.0
        D:5 |     262 |       0 |   0.0 |      17 |       0 |   0.0
        D:6 |     320 |       0 |   0.0 |      10 |       0 |   0.0
            +---------+---------+-------+---------+---------+-------
